 Dungeon Sprint DCSS version 0.18-a0-33-g9e10395 (console) character file.

252 Kellhus the Carver (level 5, -3/42 HPs)
             Began as a Demigod Fighter on Nov 5, 2015.
             Slain by a hill giant
             ... wielding a +0 giant spiked club
              (21 damage)
             ... in the Dungeon (Sprint IX: "|||||||||||||||||||||||||||||").
             The game lasted 00:01:03 (196 turns).

Kellhus the Carver (Demigod Fighter)                 Turns: 196, Time: 00:01:03

Health: -3/42      AC: 11    Str: 19    XL:     5   Next: 57%
Magic:  7/7        EV: 10    Int: 12    God:
Gold:   0          SH:  9    Dex: 17    Spells: 0 memorised, 4 levels left

rFire  . . .     SeeInvis .     a - +2 scimitar (holy)
rCold  . . .     Clarity  .     t - +2 ring mail
rNeg   . . .     SustAt   +     c - +0 shield
rPois  .         Gourm    .     q - +0 helmet
rElec  .         Spirit   .     p - +0 cloak
rCorr  .         Warding  .     (no gloves)
rMut   .         NoTele   +     (no boots)
MR     .....                    (no amulet)
Stlth  +.........               s - +2 ring of evasion
                                r - +2 ring of protection

@: very slightly contaminated, invisible, not resistant to hostile enchantments,
very unstealthy
A: high mp 1, sustain attributes
a: no special abilities


You were in the Dungeon.
You were not hungry.

You visited 1 branch

Inventory:

Hand Weapons
 a - a +2 scimitar of holy wrath (weapon)
 u - a +0 long sword
Armour
 b - a +0 scale mail
 c - a +0 shield (worn)
 p - a +0 cloak (worn)
 q - a +0 helmet (worn)
 t - a +2 ring mail (worn)
Magical Staves
 v - an uncursed staff of energy
Jewellery
 r - a +2 ring of protection (left hand)
 s - a +2 ring of evasion (right hand)
Wands
 o - a wand of draining (7)
Scrolls
 k - 2 scrolls of blinking
 m - 3 scrolls of remove curse
 n - 2 scrolls of amnesia
Potions
 d - a potion of might
 f - 5 potions of curing
 g - 3 potions of heal wounds
 h - a potion of haste
 i - 4 potions of magic
Comestibles
 e - a bread ration
 l - 3 chunks of flesh


   Skills:
 + Level 2.6 Fighting
 + Level 11.2 Long Blades
 + Level 2.6 Armour
 + Level 0.0 Dodging
 + Level 2.6 Shields


You had 4 spell levels left.
You didn't know any spells.

Dungeon Overview and Level Annotations

Branches:
Dungeon (1/1)


Innate Abilities, Weirdness & Mutations

You have an increased reservoir of magic (+10% MP).
Your attributes are resistant to harm.


Message History

The phantom blinks!
The hill giant barely misses you.
You barely miss the hill giant.
The hill giant is moderately wounded.
Unknown command.
You closely miss the hill giant.
The hill giant is moderately wounded.
You block the hill giant's attack. The phantom hits you.
Unknown command.
You barely miss the hill giant.
The hill giant is moderately wounded.
The phantom barely misses you. The hill giant barely misses you.
Unknown command.
You closely miss the hill giant.
The hill giant is moderately wounded.
The phantom blinks!
You barely miss the hill giant.
The hill giant is moderately wounded.
The hill giant hits you with a giant spiked club!!
Ouch! That really hurt!
You die...

▓+▓
▓.▓
▓Z▓
▓Y▓
▓C▓
▓H▓
▓C▓
▓@▓
▓W▓
▓.▓
▓.▓
▓.▓
▓.▓
▓)▓
▓.▓
▓.▓
▓.▓
▓'▓


You could see 2 hill giants, a hippogriff (wandering), a phantom, a sky beast
(wandering) and a bat skeleton (wandering).

Vanquished Creatures
  A water moccasin (D)
  An ogre (D)
  2 hounds (D)
  A bat zombie (D)
  2 goblins (D)
  A bat (D)
  A kobold (D)
  A rat (D)
10 creatures vanquished.

Notes
Turn   | Place    | Note
--------------------------------------------------------------
     0 | D        | Kellhus the Demigod Fighter began the quest for the Orb.
     0 | D        | Reached XP level 1. HP: 18/18 MP: 3/3
    11 | D        | Reached skill level 3 in Long Blades
    20 | D        | Noticed a hound
    20 | D        | Noticed a water moccasin
    20 | D        | Noticed an ogre
    20 | D        | Noticed a hound
    23 | D        | Killed a hound
    23 | D        | Reached skill level 5 in Long Blades
    23 | D        | Reached XP level 2. HP: 25/25 MP: 4/4
    25 | D        | Killed an ogre
    25 | D        | Reached skill level 8 in Long Blades
    25 | D        | Reached XP level 3. HP: 30/30 MP: 5/5
    25 | D        | Reached XP level 4. HP: 37/37 MP: 6/6
    30 | D        | Killed a water moccasin
    30 | D        | Reached skill level 10 in Long Blades
    30 | D        | Reached XP level 5. HP: 42/42 MP: 7/7
    34 | D        | Reached skill level 11 in Long Blades
    95 | D        | Found a glowing silver altar of Zin.
    95 | D        | Found a glowing golden altar of the Shining One.
    95 | D        | Found an ancient bone altar of Kikubaaqudgha.
    95 | D        | Found a basalt altar of Yredelemnul.
    95 | D        | Found a shimmering altar of Xom.
    95 | D        | Found a radiant altar of Vehumet.
    96 | D        | Found an iron altar of Okawaru.
    97 | D        | Found a burning altar of Makhleb.
    98 | D        | Found a deep blue altar of Sif Muna.
    99 | D        | Found a bloodstained altar of Trog.
   100 | D        | Found a sparkling altar of Nemelex Xobeh.
   101 | D        | Found a white marble altar of Elyvilon.
   102 | D        | Found a roughly hewn altar of Beogh.
   103 | D        | Found a viscous altar of Jiyva.
   104 | D        | Found a corrupted altar of Lugonu.
   105 | D        | Found a blossoming altar of Fedhas.
   106 | D        | Found a snail-covered altar of Cheibriados.
   107 | D        | Found a shadowy altar of Dithmenos.
   108 | D        | Found a stormy altar of Qazlal.
   109 | D        | Found an opulent altar of Gozag.
   110 | D        | Found a sacrificial altar of Ru.
   182 | D        | Noticed a hill giant
   182 | D        | Noticed a sky beast
   182 | D        | Noticed a hippogriff
   182 | D        | Noticed a phantom
   182 | D        | Noticed a hill giant
   196 | D        | Slain by a hill giant

Vault maps used:
D:        linesprint

Action                   |  1- 3 |  4- 6 || total
-------------------------+-------+-------++-------
Melee: Long sword        |    13 |     9 ||    22
       Scimitar          |       |    13 ||    13
  Use: Potion            |     1 |     1 ||     2
 Stab: Invisible         |       |     2 ||     2
